 Dungeon Crawl Stone Soup version 0.30.0-29-ga12c61a403 (webtiles) character file.

Game seed: 10462780405219831569

16494 Gorgondantess the Slasher (level 11, -1/92 HPs)
             Began as a Demigod Reaver on June 11, 2023.
             Slain by a merfolk
             ... wielding a +0 trident
              (6 damage)
             ... on level 2 of the Lair of Beasts.
             The game lasted 00:47:40 (15488 turns).

Gorgondantess the Slasher (Demigod Reaver)         Turns: 15488, Time: 00:47:40

Health: -1/92      AC: 11    Str: 21    XL:     11   Next: 81%
Magic:  0/19       EV: 18    Int: 19    God:
Gold:   294        SH:  0    Dex: 14    Spells: 2/16 levels left

rFire   . . .        a - +9 falchion "Nuaph" {venom, rF- rC+ Dex+2}
rCold   . . .        (no shield)
rNeg    . . .        S - +0 ring mail {rPois}
rPois   +            (no helmet)
rElec   .            P - +1 cloak {rPois}
rCorr   .            Q - +0 pair of gloves
SInv    .            G - +0 pair of boots
Will    +....        F - amulet of guardian spirit
Stlth   ++           u - +5 ring of evasion
HPRegen 0.35/turn    d - ring of fire
MPRegen 0.16/turn

%: guardian spirit
@: about to teleport, mesmerised
A: high MP 1, forlorn, divine attributes
a: no special abilities


You were on level 2 of the Lair of Beasts.
You visited 2 branches of the dungeon, and saw 13 of its levels.

You collected 773 gold pieces.
You spent 479 gold pieces at shops.

Inventory:

Hand Weapons
 a - the +9 falchion "Nuaph" (weapon) {venom, rF- rC+ Dex+2}
   (You bought it in a shop on level 4 of the Dungeon)

   Dex:       It affects your dexterity (+2).
   rF:        It makes you vulnerable to fire.
   rC:        It protects you from cold.
 b - a +2 heavy long sword
 n - a +2 mace of holy wrath
 C - a +3 spear
 L - a +4 flail of protection
 U - a +2 dagger of draining
Missiles
 m - 40 poisoned darts (quivered)
Armour
 G - a +0 pair of boots (worn)
 P - a +1 cloak of poison resistance (worn)
 Q - a +0 pair of gloves (worn)
 S - a +0 ring mail of poison resistance (worn)
Jewellery
 d - a ring of fire (right hand)
 u - a +5 ring of evasion (left hand)
 w - a ring of see invisible
 z - a +5 ring of evasion
 F - an amulet of guardian spirit (around neck)
Wands
 c - a wand of flame (7)
 T - a wand of iceblast (9)
 W - a wand of acid (5)
 Y - a wand of charming (10)
Scrolls
 e - 4 scrolls of teleportation
 f - 3 scrolls of summoning
 h - 3 scrolls of poison {unknown}
 o - 2 scrolls of immolation {unknown}
 q - 2 scrolls of torment {unknown}
 r - 3 scrolls of noise {unknown}
 t - 3 scrolls of enchant armour {unknown}
 x - 2 scrolls of fog {unknown}
 y - a scroll of fear {unknown}
 A - 3 scrolls of silence {unknown}
 B - 2 scrolls of amnesia {unknown}
 J - 3 scrolls of blinking
 N - a scroll of acquirement {unknown}
 R - a scroll of brand weapon {unknown}
Potions
 g - a potion of lignification {unknown}
 j - 3 potions of might
 k - 2 potions of berserk rage
 l - 8 potions of curing
 p - 4 potions of brilliance
 s - 3 potions of mutation
 v - 2 potions of magic
 D - 2 potions of flight
 M - 3 potions of attraction {unknown}
 O - 6 potions of heal wounds
 X - a potion of resistance {unknown}
 Z - a potion of haste


   Skills:
 + Level 7.3 Fighting
 - Level 6.5(8.2) Short Blades
 * Level 7.7(8.8) Long Blades
 - Level 2.1 Maces & Flails
 - Level 1.2 Throwing
 + Level 6.9 Armour
 + Level 6.0 Dodging
 + Level 3.7 Stealth
 + Level 3.1 Spellcasting
 * Level 7.3 Conjurations
 * Level 5.1 Translocations
 - Level 2.0 Ice Magic


You had 2 spell levels left.
You knew the following spells:

 Your Spells              Type           Power      Damage    Failure   Level
a - Kiss of Death         Conj/Necr      68%        2d10      5%          1
b - Momentum Strike       Conj/Tloc      52%        3d9       2%          2
c - Hailstorm             Conj/Ice       20%        3d6       11%         3
d - Iskenderun's Mystic   Conj/Tloc      26%        2d7       19%         4
e - Passage of Golubria   Tloc           22%        N/A       28%         4

Your spell library contained the following spells:

 Spells                   Type           Power      Damage    Failure   Level
 Static Discharge         Conj/Air       34%        2-4/arc   8%          2
 Sublimation of Blood     Necr           3%         N/A       34%         2
 Dazzling Flash           Conj/Hex       34%        N/A       16%         3
 Volatile Blastmotes      Fire/Tloc      38%        2d13      24%         3
 Tukima's Dance           Hex            3%         N/A       56%         3
 Irradiate                Conj/Tmut      8%         3d14      82%         5
 Airstrike                Air            1%         2d(1-17)  93%         4
 Petrify                  Tmut/Erth      3%         N/A       93%         4
 Summon Lightning Spire   Summ/Air       3%         N/A       93%         4
 Agony                    Necr           3%         N/A       100%        5
 Silence                  Hex/Air        1%         N/A       100%        5
 Yara's Violent Unravell  Hex/Tmut       1%         3d3       100%        5
 Conjure Ball Lightning   Conj/Air       8%         3x3d6     100%        6
 Starburst                Conj/Fire      12%        6d5       100%        6
 Discord                  Hex            1%         N/A       100%        8
 Disjunction              Tloc           11%        N/A       100%        8


Dungeon Overview and Level Annotations

Branches:
Dungeon (11/15)            Temple (0/1) D:5            Lair (2/5) D:9
    Orc (0/2) D:9
  Swamp: Lair:2-3    Shoals: Lair:2-3     Snake: Lair:2-3    Spider: Lair:2-3

Shops:
D:4 [?!(   D:6 (   D:9 (:(

Annotations:
Lair:2 Gastronok


Innate Abilities, Weirdness & Mutations

You have an increased reservoir of magic. (+10% MP)
You shall have no god before yourself.
Your divine heritage dramatically boosts your attributes as you level up.


Message History

You cannot move away from the merfolk siren!
You cannot move away from the merfolk siren!
You are no longer entranced.
The merfolk closely misses you. The merfolk barely misses you.
The merfolk hits you from afar with a +0 trident!
The merfolk barely misses you. The merfolk completely misses you.
The merfolk siren chants a haunting song.
You resist.
The merfolk hits you from afar with a +0 trident!
You hear a shout!
The merfolk siren shouts!
Gastronok gurgles horribly!
The merfolk siren chants a haunting song.
You are mesmerised by the merfolk siren!
As you read the scroll of teleportation, it crumbles to dust.
You feel strangely unstable.
The merfolk siren chants its luring song.
The merfolk hits you but does no damage.
The merfolk misses you.
Unknown command.
Unknown command.
The merfolk siren chants its luring song.
You cannot move away from the merfolk siren!
The merfolk siren chants a haunting song.
The merfolk hits you from afar with a +0 trident!
* * * LOW HITPOINT WARNING * * *
The merfolk siren chants its luring song.
The merfolk completely misses you.
The merfolk siren chants its luring song.
The merfolk hits you from afar with a +0 trident!
* * * LOW HITPOINT WARNING * * *
Unknown command.
You barely miss the merfolk siren. Your punch misses the merfolk siren.
The merfolk siren chants its luring song.
The merfolk siren hits you with a +0 spear!
* * * LOW HITPOINT WARNING * * *
The merfolk hits you with a +0 trident.
* * * LOW HITPOINT WARNING * * *
The merfolk hits you from afar with a +0 trident!
You die...

.................... ...
........)........... ...
....†............... ..
.....<........... .. ..
................# .###.#
................####..#.#
##...###P##.###..#......#
.#...#####..#.#.#mm..<..#
##..#........#..@m......#
##.##........##.##.....[#
++...........[mw##......#
##.##...................#
...####.##..##..##.P.####
...#####.#..##..##P.+####
.........................
.........................
.........................


You could see Gastronok, 2 merfolk and 2 merfolk sirens.

Vanquished Creatures
  A boulder beetle (Lair:2)
  A tengu warrior (D:10)
  2 two-headed ogres
  An ugly thing (D:8)
  4 cane toads (Lair:2)
  2 unseen horrors
  3 kobold demonologists
  A komodo dragon (Lair:1)
  A rime drake (Lair:2)
  A polar bear (Lair:2)
  Grinder (D:6)
  4 blink frogs (Lair:1)
  2 hornets
  Prince Ribbit (D:5)
  A shadow (D:11)
  A vampire (D:10)
  4 yaks (Lair:2)
  2 wraiths
  A basilisk (Lair:2)
  2 wyverns
  3 vampire mosquitoes (D:10)
  2 steam dragons
  An acid dragon (D:9)
  9 water moccasins
  Edmund (D:6)
  3 black bears (D:9)
  5 orc warriors
  5 sky beasts
  4 ice beasts
  5 wolves (Lair:2)
  2 ogres (D:6)
  3 phantoms
  6 centaurs
  A kobold brigand (D:9)
  2 gnoll sergeants
  6 bullfrogs
  6 scorpions
  6 wights
  9 killer bees
  3 electric eels (Lair:1)
  4 howler monkeys
  2 lava snakes (Lair:1)
  3 hounds
  A gnoll bouda (D:8)
  6 orc priests
  2 iguanas
  3 sleepcaps
  7 orc wizards
  17 gnolls
  7 adders
  A shadow imp (D:7)
  2 white imps
  An ufetubus (D:6)
  2 dart slugs
  40 orcs
  2 endoplasms (D:1)
  2 giant cockroaches
  11 hobgoblins
  8 jackals
  4 quokkas
  7 ball pythons
  5 bats
  5 frilled lizards
  4 goblins
  8 kobolds
  2 rats
274 creatures vanquished.

Notes
Turn   | Place    | Note
-------+----------+-------------------------------------------
     0 | D:1      | Gorgondantess the Demigod Reaver began the quest for the
                  | Orb.
     0 | D:1      | Reached XP level 1. HP: 17/17 MP: 5/5
   838 | D:1      | Reached XP level 2. HP: 22/24 MP: 7/7
   841 | D:1      | Learned a level 2 spell: Momentum Strike
  1155 | D:2      | HP: 1/24 [orc priest/divine providence (16)]
  1162 | D:1      | HP: 1/24 [endoplasm (2)]
  1389 | D:2      | Reached XP level 3. HP: 29/29 MP: 8/8
  1523 | D:2      | Reached skill level 1 in Short Blades
  1523 | D:2      | Reached skill level 1 in Stealth
  1729 | D:2      | Reached skill level 1 in Armour
  1852 | D:3      | Reached skill level 1 in Translocations
  1943 | D:3      | Reached XP level 4. HP: 37/37 MP: 2/9
  2799 | D:2      | Reached XP level 5. HP: 35/39 MP: 10/10
  3370 | D:4      | Found Tutehof's Distillery.
  3378 | D:4      | Bought a potion of curing for 42 gold pieces
  3378 | D:4      | Bought a potion of heal wounds for 70 gold pieces
  3424 | D:4      | Found Zinys's Antique Weapon Boutique.
  3522 | D:4      | Found Udopp's Armour Emporium.
  3551 | D:4      | Reached XP level 6. HP: 30/51 MP: 9/11
  4055 | D:4      | Found Qybruisch's Magic Scroll Boutique.
  4167 | D:5      | Entered Level 5 of the Dungeon
  4399 | D:5      | Noticed Prince Ribbit
  4418 | D:5      | Killed Prince Ribbit
  4419 | D:5      | Reached XP level 7. HP: 23/58 MP: 4/13
  4590 | D:5      | Found a staircase to the Ecumenical Temple.
  4884 | D:6      | Reached skill level 1 in Throwing
  4885 | D:6      | Noticed Grinder
  4925 | D:6      | Reached skill level 1 in Maces & Flails
  5209 | D:6      | Reached XP level 8. HP: 45/66 MP: 11/14
  5438 | D:6      | Paralysed by Grinder for 5 turns
  5448 | D:6      | Killed Grinder
  5488 | D:6      | Noticed Edmund
  5518 | D:6      | Killed Edmund
  5569 | D:6      | Reached skill level 5 in Armour
  5693 | D:6      | Found Ineamuut's Antique Weapon Emporium.
  6133 | D:7      | Noticed a kobold demonologist
  6306 | D:6      | Reached XP level 9. HP: 43/73 MP: 8/16
  6529 | D:6      | Reached skill level 5 in Fighting
  6529 | D:6      | Reached skill level 5 in Short Blades
  6663 | D:6      | Reached skill level 5 in Conjurations
  6856 | D:6      | Found Ineamuut's Antique Weapon Emporium.
  7900 | D:7      | Noticed an unseen horror
  7905 | D:7      | Noticed an orange demon
  7966 | D:7      | Noticed a sun demon
  7979 | D:7      | Killed an unseen horror
  8166 | D:7      | Noticed a rust devil
  8173 | D:7      | Noticed a soul eater
  8177 | D:7      | Noticed a smoke demon
  8181 | D:7      | Killed a kobold demonologist
  8410 | D:4      | Bought a +1 cloak of poison resistance for 135 gold pieces
  8818 | D:8      | Reached XP level 10. HP: 80/83 MP: 15/17
  8822 | D:8      | Learned a level 3 spell: Hailstorm
  9012 | D:8      | Noticed a two-headed ogre
  9026 | D:8      | Killed a two-headed ogre
  9027 | D:8      | Reached skill level 1 in Ice Magic
  9806 | D:9      | Found a staircase to the Orcish Mines.
  9806 | D:9      | Found Zopaf's Weapon Shoppe.
  9812 | D:9      | Noticed a purple ugly thing
  9940 | D:8      | Killed a purple ugly thing
  9941 | D:8      | Reached skill level 5 in Dodging
 10127 | D:9      | Found Reemid's Vocational Training.
 11171 | D:4      | Bought a smoking falchion for 232 gold pieces
 11171 | D:4      | Identified the +9 falchion "Nuaph" {venom, rF- rC+ Dex+2}
                  | (You bought it in a shop on level 4 of the Dungeon)
 11293 | D:9      | Found a staircase to the Lair.
 11508 | D:9      | Found Qikuqio's Weapon Emporium.
 11585 | D:9      | Learned a level 4 spell: Iskenderun's Mystic Blast
 11701 | D:10     | Entered Level 10 of the Dungeon
 12387 | D:10     | Reached XP level 11. HP: 89/92 MP: 17/19
 12464 | D:10     | Noticed a tengu warrior
 12480 | D:10     | Killed a tengu warrior
 13021 | D:11     | Noticed a two-headed ogre
 13028 | D:11     | Killed a two-headed ogre
 13029 | D:11     | Reached skill level 5 in Long Blades
 13193 | D:11     | Learned a level 4 spell: Passage of Golubria
 13275 | D:11     | Noticed a skeletal warrior
 13275 | D:11     | Noticed a skeletal warrior
 13379 | Lair:1   | Entered Level 1 of the Lair of Beasts
 14803 | Lair:2   | Noticed a boulder beetle
 14902 | Lair:2   | Reached skill level 5 in Translocations
 14950 | Lair:2   | Killed a boulder beetle
 15456 | Lair:2   | Noticed Gastronok
 15488 | Lair:2   | Slain by a merfolk

Illustrated notes

Levels and vault maps discovered:
D:1:      dpeg_arrival_boxorama, layout_basic, shapermc_ecumenical_altar_petra
D:2:      layout_rooms, chequers_serial_rivers_marsh
D:3:      layout_basic, lightli_temple_of_fire
D:4:      layout_loops_ring, serial_shops, shop, kennysheep_mini, shop, shop
D:5:      layout_cave_pools, minmay_temple_entry_mini_moons, st_stairs_13,
          uniq_prince_ribbit1
D:6:      layout_rooms, kennysheep_little_box, zin_academy, serial_shops,
          nicolae_take_the_stairs, uniq_grinder, uniq_edmund
D:7:      cheibrodos_fzero, layout_loops_cross, dreamdust_mushroom_princess
D:8:      layout_basic, minmay_misc_feat_square
D:9:      layout_loops_corners, due_lair_maze_entry_diamond, orc_david_3,
          serial_shops, shop, nicolae_shop_vocational
D:10:     layout_irregular_city, minmay_microvault
D:11:     layout_basic, wad_floor_pattern_untrapped
Lair:1:   layout_hall_layers, pdpol_lair_neglected_garden,
          nicolae_lair_liquid_snakes, serial_bayou_shore_b
Lair:2:   layout_regular_city, elwin_shoals_entry_stream, uniq_gastronok

Skill      XL: |  1  2  3  4  5  6  7  8  9 10 11 |
---------------+----------------------------------+-----
Conjurations   | 3 4 5 6 7 |  7.3
Fighting       | 2 3 4 5 7 |  7.3
Short Blades   | 1 2 3 4 5 6 |  6.5
Stealth        | 1 2 3 |  3.7
Armour         | 1 2 3 5 6 |  6.9
Translocations | 1 2 3 4 5 |  5.1
Spellcasting   | 2 3 |  3.1
Throwing       | 1 |  1.2
Maces & Flails | 2 |  2.1
Dodging        | 2 3 4 5 6 |  6.0
Ice Magic      | 2 |  2.0
Long Blades    | 3 7 |  7.7

Action                     |  1- 3 |  4- 6 |  7- 9 | 10-12 || total
---------------------------+-------+-------+-------+-------++-------
  Melee: Dagger            |   125 |   158 |   277 |   118 ||   678
         Falchion          |    12 |       |       |   317 ||   329
         Punch             |     2 |     1 |     5 |    13 ||    21
         Mace              |       |    12 |    66 |    21 ||    99
         Short sword       |       |       |   226 |   179 ||   405
         Flail             |       |       |    33 |       ||    33
         Long sword        |       |       |       |     6 ||     6
  Throw: Dart              |       |     8 |    24 |    11 ||    43
   Cast: Momentum Strike   |     6 |    11 |     6 |     8 ||    31
         Kiss of Death     |       |     1 |       |       ||     1
         Hailstorm         |       |       |       |    18 ||    18
  Evoke: Wand              |       |       |       |     8 ||     8
    Use: Potion            |       |     2 |     1 |     2 ||     5
         Scroll            |       |       |     9 |     5 ||    14
   Stab: Sleeping          |       |     1 |     2 |     1 ||     4
         Distracted        |       |       |     1 |       ||     1
 Armour: Leather armour    |    39 |    12 |       |       ||    51
         Ring mail         |       |     2 |   119 |   173 ||   294
  Dodge: Dodged            |    92 |   131 |   561 |   618 ||  1402
